 Dungeon Crawl Stone Soup version 0.23-a0-650-ga4d50d4d25 (webtiles) character file.

251 LLavrengius the Sneak (level 6, -1/42 HPs)
             Began as an Octopode Fighter on Jan 5, 2019.
             Killed from afar by a white imp (7 damage)
             ... with a puff of frost
             ... summoned by Eustachio
             ... on level 4 of the Dungeon.
             The game lasted 00:07:07 (2571 turns).

LLavrengius the Sneak (Octopode Fighter)            Turns: 2571, Time: 00:07:08

Health: -1/42      AC:  1    Str: 15    XL:     6   Next: 13%
Magic:  6/6        EV: 11    Int: 13    God:
Gold:   153        SH:  0    Dex: 11    Spells: 5/5 levels left

rFire    . . .     SeeInvis .   a - +0 rapier
rCold    . . .     Gourm    .   b - +0 shield
rNeg     + . .     Faith    .   (helmet restricted)
rPois    .         Spirit   .   (no amulet)
rElec    .         Reflect  .   o - ring of wizardry
rCorr    .         Harm     .   q - ring of positive energy
MR       .....                  p - ring of wizardry
Stlth    ++........             (no ring)
HPRegen  0.14/turn              (no ring)
MPRegen  0.10/turn              (no ring)
                                (no ring)
                                (no ring)

@: confused
A: almost no armour, stealthy swim, amphibious, 8 rings, constrict 8, camouflage
1, gelatinous body 1
a: no special abilities


You were on level 4 of the Dungeon.
You were not hungry.

You visited 1 branch of the dungeon, and saw 4 of its levels.

You collected 153 gold pieces.

Inventory:

Hand Weapons
 a - a +0 rapier (weapon)
Armour
 b - a +0 shield (worn)
 f - a +0 hat
Jewellery
 o - a ring of wizardry (left tentacle)
 p - a ring of wizardry (on tentacle)
 q - a ring of positive energy (right tentacle)
Scrolls
 k - a scroll of fog
 l - 4 scrolls of teleportation
 s - 2 scrolls of amnesia
Potions
 c - a potion of might
 e - 5 potions of curing
 h - a potion of magic {unknown}
 j - 2 potions of heal wounds {unknown}
 m - 3 potions of brilliance
 n - a potion of lignification {unknown}
 t - a potion of degeneration {unknown}
 v - a potion of flight {unknown}
Comestibles
 d - 6 rations


   Skills:
 + Level 3.2 Fighting
 * Level 4.0 Short Blades
 - Level 3.0 Dodging
 - Level 6.0 Stealth
 + Level 3.2 Shields


You had 5 spell levels left.
You didn't know any spells.
Your spell library was empty.

Dungeon Overview and Level Annotations

Branches:
Dungeon (4/15)
 Temple: D:4-7

Altars:
Kikubaaqudgha
Qazlal
Uskayaw
Vehumet
Zin

Annotations:
D:4 Eustachio


Innate Abilities, Weirdness & Mutations

You cannot wear most types of armour.
You are very stealthy in the water. (Stealth+)
You are amphibious.
You can wear up to eight rings at the same time.
You can use your tentacles to constrict eight enemies at once.
Your skin changes colour to match your surroundings (Stealth+).
Your rubbery body absorbs attacks. (AC +1, EV +1)


Message History

You are confused.
You release your grip on Eustachio.
Eustachio gestures wildly while chanting.
The orc wizard hits you with a +0 dagger.
Found a potion of curing.
You hit the orc. Your squeeze misses the orc.
The orc is heavily wounded.
The bat closely misses you. The bat hits you but does no damage.
The orc closely misses you. The orc wizard barely misses you.
You barely miss the orc.
The orc is heavily wounded.
The bat barely misses you. Eustachio hits you with a +0 rapier.
The orc hits you with a +0 dagger.
* * * LOW HITPOINT WARNING * * *
The orc wizard casts a spell at you. The magic dart hits you!
* * * LOW HITPOINT WARNING * * *
The white imp gestures at you. The puff of frost hits you!
You die...

#...............
#.......†.......
#.............##
###.##...##...#
########.##...# ....#
!.............+ ...#
........b.o...# ..#
.......oo.....# ..#
.......@.55...#
###########@##...#
........###.######
........#....#
........#....#
........#....#
........##'####+#
##+########...........
..........#...........


You could see Eustachio, 2 orc wizards, a crimson imp, a white imp, an orc and a
bat.

Vanquished Creatures
  A crimson imp (D:3)
  Terence (D:3)
  A worker ant (D:4)
  An iguana (D:4)
  2 gnolls (D:4)
  3 adders
  An ooze (D:1)
  4 worms
  A leopard gecko (D:1)
  An orc (D:4)
  6 giant cockroaches
  8 goblins
  5 hobgoblins
  7 jackals
  8 kobolds
  A quokka (D:3)
  A ball python (D:2)
  15 bats
  3 frilled lizards
  11 rats
81 creatures vanquished.

Notes
Turn   | Place    | Note
-------+----------+-------------------------------------------
     0 | D:1      | LLavrengius the Octopode Fighter began the quest for the
                  | Orb.
     0 | D:1      | Reached XP level 1. HP: 16/16 MP: 1/1
    14 | D:1      | Reached skill level 1 in Stealth
    53 | D:1      | Reached XP level 2. HP: 21/21 MP: 2/2
    76 | D:1      | Reached skill level 2 in Stealth
   238 | D:1      | Reached skill level 3 in Stealth
   242 | D:1      | Reached XP level 3. HP: 17/26 MP: 3/3
   760 | D:2      | Reached skill level 4 in Stealth
   827 | D:2      | Reached XP level 4. HP: 31/31 MP: 4/4
   848 | D:2      | Found a hide-covered altar of Uskayaw.
   850 | D:2      | Found a glowing silver altar of Zin.
   850 | D:2      | Found an ancient bone altar of Kikubaaqudgha.
   933 | D:2      | Found a radiant altar of Vehumet.
  1578 | D:3      | Noticed Terence
  1584 | D:3      | Killed Terence
  1584 | D:3      | Reached skill level 5 in Stealth
  1586 | D:3      | Reached XP level 5. HP: 30/36 MP: 5/5
  1863 | D:3      | Found a stormy altar of Qazlal.
  2009 | D:3      | Reached skill level 6 in Stealth
  2197 | D:4      | Reached XP level 6. HP: 4/42 MP: 6/6
  2552 | D:4      | Noticed Eustachio
  2571 | D:4      | Killed from afar by a white imp

Vault maps used:
D:1:      psy_arrival_basics, minmay_close_crescents
D:2:      nicolae_overflow_crystal_walls, grunt_temple_overflow_open,
          first_ration
D:3:      corner_web_ring, nicolae_qazlal_eye_of_the_storm, uniq_terence
D:4:      minmay_evil_eye, nicolae_gozag_zags_fifth_avenue, led_sif_book,
          uniq_eustachio, uniq_blork_the_orc

Skill      XL: |  1  2  3  4  5 |
---------------+----------------+-----
Stealth        | 1 3 4 5 6 |  6.0
Short Blades   | 3 4 |  4.0
Fighting       | |  3.2
Dodging        | |  3.0
Shields        | |  3.2

Action                   |  1- 3 |  4- 6 || total
-------------------------+-------+-------++-------
Melee: Rapier            |    87 |    87 ||   174
       Constrict         |    17 |    19 ||    36
       Tentacles         |     8 |    14 ||    22
  Use: Scroll            |       |    10 ||    10
 Stab: Sleeping          |     7 |     7 ||    14
  Eat: Chunk             |       |     5 ||     5
Armor: Skin              |    11 |     6 ||    17
Dodge: Dodged            |    61 |    28 ||    89
Block: Shield            |    46 |    29 ||    75

Table legend:
 A = Non-vault XP
 B = Vault XP
 C = Vault XP percentage of total XP
 D = Non-vault monster count
 E = Vault monster count
 F = Vault count percentage of total count
                 A         B        C        D         E       F
            +---------+---------+-------+---------+---------+-------
      Total |     216 |     143 |  39.8 |      71 |      10 |  12.3
            +---------+---------+-------+---------+---------+-------
        D:1 |      41 |      10 |  19.6 |      25 |       5 |  16.7
        D:2 |      56 |       0 |   0.0 |      24 |       0 |   0.0
        D:3 |     103 |      36 |  25.9 |      16 |       1 |   5.9
        D:4 |      16 |      97 |  85.8 |       6 |       4 |  40.0
            +---------+---------+-------+---------+---------+-------
